AoeStats
← Traiano86

Fortress

509199016Analyzed
4v4 RM · 6d ago on Sep 25, 2026· 46m 37s· 8 players
Game mode
Random Map
Map size
Huge
Population
200
Speed
Normal
Resources
Standard
Victory
Conquest
Starting age
Dark Age
Ending age
Imperial Age
RankedLock teamsTeams togetherTeam positionsShared explorationLock speedFull tech treeHidden civsTurbo modeCheats
Victory
Defeat
🇷🇺 Bengalis · Russia
875
+14
🇬🇹 Japanese · Guatemala
840
+15
🇺🇸 Huns · United States
827
+16
🇷🇺 Vikings · Russia
826
+16
🇮🇹 Magyars · Italy
927
-57
🇮🇹 Turks · Italy
915
-20
🇮🇹 Franks · Italy
723
-11
🇮🇹 Romans · Italy
721
-11
IlSindaco
7:48 Feudal Age
15:09 Double-Bit Axe
21:56 Castle Age
33:08 Wheelbarrow
33:48 Pikeman
34:29 Squires
38:05 Caravan
40:11 Hand Cart
46:15 Imperial Age
LeadSlug
7:15 Feudal Age
11:07 Castle Age
17:59 Horse Collar
23:47 Loom
24:38 Wheelbarrow
24:51 Gold Mining
25:43 Heavy Plow
25:30 Double-Bit Axe
26:01 Padded Archer Armor
26:58 Husbandry
28:11 Bloodlines
29:37 Gold Shaft Mining
32:59 Imperial Age
31:24 Leather Archer Armor
32:15 Forging
32:10 Scale Barding Armor
33:42 Elite Janissary
35:16 Ring Archer Armor
40:22 Iron Casting
40:07 Chain Barding Armor
43:05 Blast Furnace
Traiano86
10:51 Feudal Age
16:35 Castle Age
18:19 Pikeman
18:21 Man-at-Arms
19:02 Squires
18:25 Elite Skirmisher
19:53 Long Swordsman
20:21 Crossbowman
22:53 Double-Bit Axe
26:47 Bow Saw
26:29 Gold Mining
26:30 Stone Mining
29:55 Fletching
30:07 Padded Archer Armor
30:18 Forging
30:09 Scale Mail Armor
35:55 Wheelbarrow
40:48 Imperial Age
38:41 Leather Archer Armor
39:38 Bodkin Arrow
42:27 Legionary
43:31 Conscription
FaroKill3r
9:48 Feudal Age
15:04 Scale Barding Armor
15:06 Scale Mail Armor
18:15 Castle Age
20:15 Chain Barding Armor
20:13 Chain Mail Armor
22:18 Corvinian Army
22:55 Pikeman
29:28 Imperial Age
29:08 Light Cavalry
30:03 Husbandry
30:17 Bloodlines
30:16 Cavalier
41:50 Plate Barding Armor
unknxwwwn
8:04 Feudal Age
12:18 Horse Collar
12:26 Double-Bit Axe
16:03 Castle Age
17:04 Padded Archer Armor
16:54 Fletching
17:16 Forging
17:11 Scale Barding Armor
17:12 Heavy Plow
17:40 Bow Saw
20:08 Leather Archer Armor
19:48 Bodkin Arrow
20:29 Iron Casting
22:10 Husbandry
22:20 Bloodlines
24:01 Wheelbarrow
26:03 Chain Barding Armor
27:34 Stone Mining
27:35 Gold Mining
28:07 Paiks
31:46 Imperial Age
29:45 Caravan
30:59 Hand Cart
30:30 Loom
30:30 Town Watch
31:54 Gold Shaft Mining
33:40 Conscription
34:07 Mahayana
33:43 Elite Ratha (Ranged)
36:30 Chemistry
35:50 Ballistics
37:06 Crop Rotation
37:39 Two-Man Saw
36:46 Bracer
37:17 Ring Archer Armor
36:18 Light Cavalry
39:49 Plate Barding Armor
40:15 Blast Furnace
40:06 Town Patrol
41:16 Elite Battle Elephant
RattiestPear556
8:34 Feudal Age
10:01 Loom
14:12 Castle Age
12:37 Stone Mining
12:35 Double-Bit Axe
18:53 Town Watch
21:56 Wheelbarrow
25:53 Bow Saw
27:12 Murder Holes
27:45 Horse Collar
28:55 Yasama
29:27 Hand Cart
34:40 Imperial Age
33:36 Gold Mining
34:21 Forging
34:11 Scale Mail Armor
36:21 Kataparuto
37:31 Fletching
38:17 Iron Casting
37:57 Chain Mail Armor
37:52 Elite Skirmisher
39:00 Town Patrol
41:44 Elite Samurai
43:38 Chemistry
Royce
8:06 Feudal Age
8:42 Horse Collar
8:50 Double-Bit Axe
16:01 Castle Age
17:12 Heavy Plow
17:06 Gold Mining
25:41 Imperial Age
23:27 Forging
23:17 Scale Mail Armor
23:35 Elite Skirmisher
24:53 Chieftains
25:31 Iron Casting
25:11 Chain Mail Armor
24:49 Fletching
25:00 Padded Archer Armor
30:25 Gold Shaft Mining
30:05 Bodkin Arrow
37:52 Elite Berserk
40:40 Heavy Scorpion
41:40 Squires
41:25 Arson
42:54 Ballistics
43:34 Chemistry
oxrollin
1:22 Loom
10:57 Feudal Age
13:02 Wheelbarrow
12:13 Horse Collar
12:22 Double-Bit Axe
17:36 Castle Age
17:43 Fletching
18:00 Scale Barding Armor
18:30 Bloodlines
19:31 Husbandry
20:13 Hand Cart
21:43 Bow Saw
24:14 Bodkin Arrow
25:13 Heavy Plow
25:41 Ballistics
26:21 Thumb Ring
25:38 Elite Skirmisher
28:03 Padded Archer Armor
37:34 Imperial Age
35:59 Marauders
39:09 Elite Tarkan
41:28 Two-Man Saw
41:11 Chain Barding Armor
41:02 Forging
42:12 Chemistry
42:42 Conscription
43:48 Parthian Tactics
44:10 Town Watch
Connection lost

Rejoining the realm…

Still unreachable

The connection could not be restored.

Session expired

The server has moved on; the page needs a fresh start.